 Dungeon Crawl Stone Soup version 0.32-a0-576-g706899e69d (webtiles) character file.

Game seed: 10847967086516378279

9433 Malificent the Thaumaturge (level 11, -4/108 (109) HPs)
             Began as an Oni Warper on Mar 1, 2024.
             Was a Priest of Wu Jian.
             Slain by a wyvern (17 damage)
             ... on level 10 of the Dungeon.
             The game lasted 00:57:08 (15099 turns).

Malificent the Thaumaturge (Oni Warper)            Turns: 15099, Time: 00:57:08

HP:   -4/108 (109)  AC:  4    Str: 16 (17) XL:     11   Next: 46%
MP:   21/23         EV: 10    Int: 17 (18) God:    Wu Jian [***...]
Gold: 556           SH:  0    Dex:  7 (10) Spells: 14/27 levels left

rFire   . . .        i - +5 giant spiked club
rCold   . . .        (shield currently unavailable)
rNeg    . . .        b - +1 robe
rPois   +            (helmet restricted)
rElec   .            e - scarf of the Worm {shadows, Dex+2}
rCorr   .            (gloves unavailable)
SInv    .            (boots unavailable)
Will    +....        (no amulet)
Stlth   ++           l - ring of poison resistance
HPRegen 0.38/turn    A - ring of wizardry
MPRegen 0.18/turn

%: wizardry (x1)
@: on blink cooldown, hasted, lightly drained, very quick
A: large, unfitting armour, horns 1, tough skin 1, double potion healing,
drunken brawling
a: Renounce Religion, Wall Jump, Serpent's Lash


You were on level 10 of the Dungeon.
You worshipped Wu Jian.
Wu Jian was most pleased with you.
You visited 2 branches of the dungeon, and saw 11 of its levels.
You also visited: Sewer and Bailey.

You collected 556 gold pieces.

Inventory:

Hand Weapons
 f - a +3 flail of venom
 i - a +5 giant spiked club (weapon)
 p - a +0 giant club of chaos
 K - a +5 great sword of freezing
Missiles
 d - 7 darts of dispersal
 g - 5 large rocks (quivered)
 h - 27 poisoned darts
 B - a curare-tipped dart
Armour
 b - a +1 robe (worn)
 e - the scarf of the Worm (worn) {shadows, Dex+2}
   (You acquired it on level 2 of the Dungeon)

   Dex+2:     It affects your dexterity (+2).
Magical Staves
 E - a staff of cold
Jewellery
 l - a ring of poison resistance (left hand)
 w - a ring of protection from fire
 A - a ring of wizardry (right hand)
 C - a +5 ring of evasion
 J - a ring of see invisible
 M - a ring of flight
 O - a ring of protection from cold
Wands
 u - a wand of flame (18)
 H - a wand of mindburst (13)
Scrolls
 a - 3 scrolls of summoning
 c - a scroll of blinking
 m - 6 scrolls of teleportation
 n - 6 scrolls of vulnerability
 s - a scroll of revelation
 y - a scroll of fog
 D - 6 scrolls of enchant armour
 G - 2 scrolls of immolation
Potions
 j - 4 potions of magic
 k - 3 potions of might
 o - 2 potions of attraction
 r - 3 potions of brilliance
 x - a potion of cancellation


   Skills:
 + Level 7.2 Fighting
 - Level 4.1 Long Blades
 * Level 8.0 Maces & Flails
 * Level 4.8 Throwing
 + Level 4.9 Dodging
 + Level 2.8 Stealth
 * Level 8.9 Spellcasting
 * Level 8.4 Translocations
 + Level 1.8 Evocations


You had 14 spell levels left.
You knew the following spells:

 Your Spells              Type           Power      Damage    Failure   Level
a - Blink                 Tloc           72%        N/A       1%          2
b - Manifold Assault      Tloc           36%        N/A       1%          4
c - Teleport Other        Tloc           36%        N/A       1%          3
d - Dimensional Bullseye  Hex/Tloc       10%        N/A       7%          4

Your spell library contained the following spells:

 Spells                   Type           Power      Damage    Failure   Level
 Lesser Beckoning         Tloc           72%        N/A       1%          2
 Vhi's Electric Charge    Tloc/Air       42%        N/A       7%          4
 Call Canine Familiar     Summ           7%         N/A       12%         3
 Sigil of Binding         Hex            7%         N/A       12%         3
 Summon Ice Beast         Ice/Summ       7%         N/A       12%         3
 Animate Armour           Summ/Erth      14%        N/A       34%         4
 Summon Lightning Spire   Summ/Air       7%         N/A       34%         4
 Lee's Rapid Deconstruct  Erth           3%         3d5*      69%         5
 Summon Mana Viper        Hex/Summ       7%         N/A       69%         5
 Monstrous Menagerie      Summ           3%         N/A       100%        7


Dungeon Overview and Level Annotations

Branches:
Dungeon (10/15)            Temple (1/1) D:5           Sewer (visited)
 Bailey (visited)
   Lair: D:8-11         Orc: D:9-12

Altars:
Ashenzari
Cheibriados
Dithmenos
Elyvilon
Fedhas
Gozag
Hepliaklqana
Kikubaaqudgha
Makhleb
Nemelex Xobeh
Okawaru
Qazlal
Ru
Sif Muna
Trog
Uskayaw
Vehumet
Wu Jian
Xom
Yredelemnul
Zin
The Shining One

Shops:
D:9 *

Portals:
Abyss: D:6

Annotations:
D:3 1 runed translucent door, Crazy Yiuf
D:6 2 transporters, hattop's ghost, novice CoGl
D:7 3 runed translucent doors, growler's ghost, novice CoCA
D:8 2 transporters, sleeves's ghost, novice VSSh


Innate Abilities, Weirdness & Mutations

You are too large for most types of armour.
You have a pair of small horns on your head.
You have tough skin. (AC +1)
You gain doubled healing and magic from potions.
Whenever you drink a healing potion, you attack all around you.


Message History

Your Maces & Flails skill increases to level 8!
You hit the wyvern. Your headbutt misses the wyvern.
The wyvern is lightly wounded.
The wyvern misses you. The wyvern bites you.
You hit the wyvern.
The wyvern is lightly wounded.
The wyvern barely misses you. The wyvern closely misses you.
The wyvern bites you but does no damage.
You closely miss the wyvern.
The wyvern is lightly wounded.
The wyvern bites you but does no damage.
The wyvern misses you.
You hit the wyvern. Your headbutt misses the wyvern.
The wyvern is moderately wounded.
The wyvern bites you but does no damage.
The wyvern barely misses you.
You barely miss the wyvern. Your headbutt misses the wyvern.
The wyvern is moderately wounded.
The wyvern closely misses you. The wyvern bites you!
You hit the wyvern.
The wyvern is moderately wounded.
The wyvern bites you! The wyvern closely misses you.
You barely miss the wyvern. Your headbutt misses the wyvern.
The wyvern is moderately wounded.
The wyvern bites you!
* * * LOW HITPOINT WARNING * * *
The wyvern bites you!
* * * LOW HITPOINT WARNING * * *
Casting: Manifold Assault (mildly dangerous; 1% risk of failure)
Confirm with . or Enter, or press ? or * to list all spells.
You blink.
The wyvern barely misses you.
Casting: Blink (safe; 1% risk of failure)
Confirm with . or Enter, or press ? or * to list all spells.
You are still too unstable to blink.
You feel yourself speed up. The wyvern barely misses you.
The wyvern attacks as it pursues you! The wyvern closely misses you.
You completely miss the wyvern.
The wyvern is moderately wounded.
The wyvern bites you!
You die...

#. #.## #... . #..## ..
#.... .. #<# ##.###
#.## ##..##.## .####..#
##@.##.†.##........ ###
##.k##..ß..########.
..##..##.......###.###.
#.#.##..#####.#.ß.ß.#.
#.).#(.....[#.......#.
#.#.#####†.##.#.ß.ß.#.
..##.......##..###.###.
#.# ##..ß..##..##
#.###. ..# ##...##..#
##.###


You could see a wyvern.

Vanquished Creatures
  2 two-headed ogres
  2 orc knights (Bailey)
  A cyclops (D:10)
  A troll (D:10)
  2 hornets (D:9)
  2 wyverns
  A basilisk (D:10)
  A steam dragon (D:6)
  Edmund (D:5)
  3 water moccasins
  Duvessa (D:6)
  9 orc warriors
  2 ice beasts
  2 black bears
  2 ogres
  2 centaurs
  2 kobold brigands
  6 bullfrogs
  2 brain worms (Sewer)
  2 wyvern zombies (D:7)
  4 scorpions
  12 wights
  Dowan (D:6)
  10 killer bees
  A howler monkey (D:9)
  A bombardier beetle (D:5)
  2 centaur zombies (D:7)
  2 hounds (D:5)
  A jelly (D:6)
  A bullfrog zombie (D:7)
  6 orc priests
  2 iguanas
  Natasha (D:3)
  A gnoll bouda (D:7)
  A sleepcap (D:4)
  7 orc wizards
  Terence (D:3)
  A killer bee zombie (D:7)
  A howler monkey zombie (D:7)
  7 gnolls
  12 adders
  2 river rats (Sewer)
  A shadow imp (D:6)
  2 white imps
  4 ufetubi
  3 dart slugs
  4 ribbon worms
  40 orcs
  5 ball pythons
  3 bats
  6 endoplasms
  3 giant cockroaches
  3 goblins
  5 hobgoblins
  3 jackals (D:2)
  8 kobolds
  3 frilled lizards (Sewer)
  11 rats
227 creatures vanquished.

Vanquished Creatures (collateral kills)
  An orc knight (Bailey)
  An orc warrior (Bailey)
  A wight (D:5)
  3 orcs (Bailey)
6 creatures vanquished.

Vanquished Creatures (others)
  A kobold (D:6)
1 creature vanquished.

Grand Total: 234 creatures vanquished

Notes
Turn   | Place    | Note
-------+----------+-------------------------------------------
     0 | D:1      | Malificent the Oni Warper began the quest for the Orb.
     0 | D:1      | Reached XP level 1. HP: 22/22 MP: 3/3
   231 | D:1      | Reached XP level 2. HP: 29/29 MP: 5/5
   791 | D:2      | Identified a scroll of acquirement
   791 | D:2      | Acquired the scarf of the Worm {shadows, Dex+2}
   930 | D:2      | Reached XP level 3. HP: 32/36 MP: 6/6
  1308 | D:2      | Reached XP level 4. HP: 42/44 MP: 7/7
  1666 | D:3      | Noticed Terence
  1676 | D:3      | HP: 1/44 [poisoned by Terence]
  1680 | D:3      | Killed Terence
  1972 | D:3      | Found a glowing silver altar of Zin.
  1989 | D:3      | Learned a level 2 spell: Blink
  1994 | D:3      | Learned a level 4 spell: Manifold Assault
  2118 | D:3      | Noticed Natasha
  2124 | D:3      | Killed Natasha
  2207 | D:3      | Reached XP level 5. HP: 53/53 MP: 9/9
  2896 | D:3      | Found a runed translucent door.
  2897 | D:3      | Noticed Crazy Yiuf
  3077 | D:4      | Noticed an ogre
  3084 | D:4      | Killed an ogre
  3085 | D:4      | Reached XP level 6. HP: 61/61 MP: 10/10
  3201 | D:4      | Found a glowing drain.
  3218 | Sewer    | Entered a sewer
  3352 | Sewer    | Reached skill level 1 in Stealth
  3352 | Sewer    | Reached XP level 7. HP: 47/68 MP: 5/12
  4366 | D:5      | Entered Level 5 of the Dungeon
  4640 | D:5      | Found a staircase to the Ecumenical Temple.
  4648 | Temple   | Entered the Ecumenical Temple
  4654 | Temple   | Became a worshipper of the Wu Jian Council
  4842 | D:5      | Reached skill level 5 in Maces & Flails
  4960 | D:5      | Reached XP level 8. HP: 16/78 MP: 14/14
  5599 | D:5      | Noticed a two-headed ogre
  5601 | D:5      | Noticed Edmund
  5608 | D:5      | Killed a two-headed ogre
  5609 | D:5      | Reached skill level 5 in Spellcasting
  5609 | D:5      | Reached skill level 5 in Translocations
  5609 | D:5      | Reached XP level 9. HP: 73/87 MP: 14/16
  5617 | D:5      | Killed Edmund
  5618 | D:5      | Reached skill level 1 in Evocations
  5861 | D:5      | Reached skill level 5 in Fighting
  6571 | D:6      | Found a transporter.
  6577 | D:6      | Noticed an ancient zyme
  6581 | D:6      | Found a transporter.
  6585 | D:6      | Noticed hattop's ghost (novice CoGl)
  6665 | D:6      | Reached * piety under Wu Jian
  6733 | D:6      | Noticed Duvessa
  6735 | D:6      | Noticed Dowan
  6742 | D:6      | Killed Duvessa
  6762 | D:6      | Killed Dowan
  7110 | D:6      | Found a one-way gate to the infinite horrors of the Abyss.
  7883 | D:6      | Learned a level 3 spell: Teleport Other
  7888 | D:6      | Learned a level 4 spell: Dimensional Bullseye
  8142 | D:7      | Reached XP level 10. HP: 43/98 MP: 17/19
  8436 | D:7      | Found a basalt altar of Yredelemnul.
  8812 | D:7      | Reached ** piety under Wu Jian
  9061 | D:7      | Noticed growler's ghost (novice CoCA)
  9082 | D:7      | Found a runed translucent gate.
  9082 | D:7      | Found a runed translucent gate.
  9082 | D:7      | Found a runed translucent gate.
  9543 | D:8      | Found a shimmering altar of Xom.
 10280 | D:8      | Reached skill level 1 in Long Blades
 11012 | D:8      | Found a transporter.
 11013 | D:8      | Noticed sleeves's ghost (novice VSSh)
 11031 | D:8      | Found a transporter.
 12074 | D:9      | Found a broken altar of Ashenzari.
 12109 | D:9      | Found an opulent altar of Gozag.
 12119 | D:9      | Found Gozag's Platinum Reserve.
 12371 | D:9      | Found an iron altar of Okawaru.
 12851 | D:9      | Paralysed by a hornet for 1 turns
 13018 | D:10     | Entered Level 10 of the Dungeon
 13042 | D:10     | Found a flagged portal.
 13050 | Bailey   | Entered a bailey
 13056 | Bailey   | Reached *** piety under Wu Jian
 13210 | Bailey   | Reached XP level 11. HP: 59/107 MP: 11/23
 13425 | Bailey   | Noticed an orc knight
 13436 | Bailey   | Killed an orc knight
 13572 | Bailey   | Noticed an orc knight
 13583 | Bailey   | Noticed an orc knight
 13586 | Bailey   | Killed an orc knight
 13996 | Bailey   | Killed an orc knight
 14693 | D:10     | Noticed a two-headed ogre
 14702 | D:10     | Killed a two-headed ogre
 14805 | D:10     | Noticed a cyclops
 14807 | D:10     | Killed a cyclops
 15099 | D:10     | Slain by a wyvern

Illustrated notes

Levels and vault maps discovered:
D:1:      lemuel_arrival_behind_the_door_small, layout_basic
D:2:      layout_loops_ring
D:3:      layout_basic, overflow_temple_1_default, hex_large, uniq_terence,
          uniq_natasha, uniq_crazy_yiuf_cottage
D:4:      layout_loops_ring, cheibrodos_sewer_entry_bend, minmay_door_square,
          minmay_misc_feat_enclosed
D:5:      layout_layer_cave, minmay_temple_entry_gardened_gates,
          minmay_misc_feat_more_columns, uniq_edmund
D:6:      layout_cave_pools, gammafunk_ghost_abyssal_escape, uniq_duvessa
D:7:      layout_loops_ring, nicolae_yredelemnul_corpse_copse,
          gammafunk_ghost_icy, feat_on_display
D:8:      layout_loops_cross, mainiacjoe_overflow_24_doors,
          gammafunk_ghost_stat_death
D:9:      layout_irregular_city, nicolae_ashenzari_panopticon,
          nicolae_gozag_zags_fifth_avenue, okawaru_trees_1, serial_column_ruins,
          column_ruins_square_small, column_ruins_grid_1,
          column_ruins_columns_straight, column_ruins_grid_1
D:10:     minmay_the_grid_octo_tiled_squarecenter [minmay_the_grid_octo_77,
          minmay_the_grid_octo_toaster, minmay_the_grid_octo_empty,
          minmay_the_grid_octo_thin_diamonds,
          minmay_the_grid_square_5x5_megaprize_hollow,
          minmay_the_grid_square_5x5_tetrominoes,
          minmay_the_grid_square_5x5_fancy_junction,
          minmay_the_grid_square_5x5_spiral_small,
          minmay_the_grid_square_5x5_two_small], layout_loops_cross,
          enter_bailey_8, hangedman_decor_slide_cut
Temple:   eino_temple_rhombus

Skill      XL: |  1  2  3  4  5  6  7  8  9 10 11 |
---------------+----------------------------------+-----
Translocations | 3 4 5 6 7 8 |  8.4
Throwing       | 2 3 4 |  4.8
Fighting       | 3 4 5 6 7 |  7.2
Maces & Flails | 3 4 5 6 7 8 |  8.0
Dodging        | 3 4 |  4.9
Spellcasting   | 3 4 5 6 8 |  8.9
Stealth        | 1 2 |  2.8
Evocations     | 1 |  1.8
Long Blades    | 3 4 |  4.1

Action                     |  1- 3 |  4- 6 |  7- 9 | 10-12 || total
---------------------------+-------+-------+-------+-------++-------
  Melee: Mace              |    52 |    16 |       |       ||    68
         Headbutt          |     8 |    16 |    31 |    39 ||    94
         Flail             |       |   103 |   127 |    96 ||   326
         Giant club        |       |       |    96 |       ||    96
         Great sword       |       |       |       |   217 ||   217
         Giant spiked club |       |       |       |    25 ||    25
  Throw: Boomerang         |    39 |     1 |       |       ||    40
         Dart              |       |       |    62 |     4 ||    66
         Throwing net      |       |       |       |     3 ||     3
         Large rock        |       |       |       |     1 ||     1
   Cast: Manifold Assault  |       |       |    14 |    57 ||    71
         Blink             |       |       |     1 |    10 ||    11
Ability: Lunge             |       |       |    13 |    15 ||    28
         Wall Jump         |       |       |       |     3 ||     3
         Whirlwind         |       |       |       |     1 ||     1
  Evoke: Wand              |       |       |    13 |    22 ||    35
    Use: Scroll            |     9 |     1 |     9 |    12 ||    31
         Potion            |       |     2 |     2 |    23 ||    27
   Stab: Invisible         |       |     2 |     3 |     7 ||    12
         Sleeping          |       |     1 |     1 |     4 ||     6
 Armour: Robe              |    58 |    66 |   192 |   287 ||   603
  Dodge: Dodged            |    33 |    62 |   131 |   184 ||   410

Table legend: (Time is in decaauts)
 A = Elapsed time spent in this place.
 B = Non-inter-level travel time spent in this place.
 C = Inter-level travel time spent in this place.
 D = Time resting spent in this place.
 E = Time spent auto-exploring this place.
 F = Levels seen in this place.
 G = Mean time per level.
                   A        B        C        D        E       F      G
               +--------+--------+--------+--------+--------+-----+--------+
         Total |  15227 |  14996 |    231 |   5540 |   6481 |  13 | 1171.3 |
       Dungeon |  12945 |  12720 |    225 |   4047 |   6245 |  10 | 1294.5 |
        Temple |     12 |      6 |      6 |      0 |      0 |   1 |   12.0 |
         Sewer |    641 |    641 |      0 |    200 |    216 |   1 |  641.0 |
        Bailey |   1627 |   1627 |      0 |   1292 |     20 |   1 | 1627.0 |
               +--------+--------+--------+--------+--------+-----+--------+

Top non-repeatable levels by time:
     D:5: 2086 daAuts
     D:8: 1989 daAuts
     D:6: 1655 daAuts
  Bailey: 1627 daAuts
     D:9: 1572 daAuts
     D:7: 1409 daAuts
     D:3: 1404 daAuts
     D:2: 814 daAuts
     D:4: 798 daAuts
     D:1: 763 daAuts
   Sewer: 641 daAuts
    D:10: 451 daAuts
  Temple: 12 daAuts
